 Dungeon Crawl Stone Soup version 0.20-a0-454-g2b43fbb (webtiles) character file.

107 mopl the Slasher (level 4, -2/33 HPs)
             Began as a Barachian Skald on Jan 9, 2017.
             Slain by Natasha (6 damage)
             ... on level 3 of the Dungeon.
             The game lasted 00:04:23 (2703 turns).

mopl the Slasher (Barachian Skald)                  Turns: 2703, Time: 00:04:25

Health: -2/33      AC:  3    Str:  9    XL:     4   Next: 86%
Magic:  4/7        EV: 11    Int: 11    God:
Gold:   184        SH:  0    Dex: 11    Spells: 2/7 levels left

rFire  . . .     SeeInvis .     a - +0 falchion
rCold  . . .     Gourm    .     b - +0 leather armour
rNeg   . . .     Faith    .     (no shield)
rPois  .         Spirit   .     (no helmet)
rElec  .         Reflect  .     (no cloak)
rCorr  .         Harm     .     (no gloves)
MR     +....     Rnd*Tele +     (no boots)
Stlth  +.........               (no amulet)
                                r - ring of protection from magic
                                i - ring of teleportation (curse)

@: infused, very slightly contaminated, slow
A: swims, slowness 1, strong legs 1
a: Hop


You were on level 3 of the Dungeon.
You were hungry.

You visited 1 branch of the dungeon, and saw 3 of its levels.

You collected 184 gold pieces.

Inventory:

Hand Weapons
 a - a +0 falchion (weapon)
 j - a +2 dagger of protection
Missiles
 e - 114 stones (quivered)
Armour
 b - a +0 leather armour (worn)
 o - a +0 shield
Jewellery
 i - a cursed ring of teleportation (left hand)
 k - an uncursed ring of magical power
 r - a ring of protection from magic (right hand)
Scrolls
 h - a scroll of identify
 m - a scroll of magic mapping
 s - a scroll of enchant armour {unknown}
Potions
 l - 4 potions of curing
 n - a potion of resistance
 t - a potion of lignification {!q}
Books
 c - a book of Battle

   Spells                             Type                      Level
   a - Infusion                       Charms                       1
   b - Shroud of Golubria             Charms/Translocation         2
   c - Song of Slaying                Charms                       2
   d - Spectral Weapon                Hexes/Charms                 3
   e - Regeneration                   Charms/Necromancy            3
Comestibles
 d - 2 bread rations
 f - 3 meat rations
 g - a beef jerky
 q - 2 chunks of flesh


   Skills:
 - Level 2.1(1.0) Fighting
 + Level 5.3(2.6) Long Blades
 - Level 1.1(0.5) Armour
 - Level 2.0(1.0) Dodging
 - Level 2.0(1.0) Spellcasting
 - Level 3.0(1.5) Charms


You had 2 spell levels left.
You knew the following spells:

 Your Spells              Type           Power        Failure   Level  Hunger
a - Infusion              Chrm           #...         28%         1    ##.....
b - Song of Slaying       Chrm           #.......     38%         2    ###....
f - Shroud of Golubria    Chrm/Tloc      #.........   50%         2    ###....


Dungeon Overview and Level Annotations

Branches:
Dungeon (3/15)

Altars:
Ashenzari
Trog

Annotations:
D:3 Natasha


Innate Abilities, Weirdness & Mutations

You can swim through water.
You cover ground slowly.
You can hop short distances.


Message History

Natasha is heavily wounded.
You hit Natasha.
Natasha is severely wounded.
Natasha claws you.
You miss Natasha.
Natasha is severely wounded.
Natasha claws you.
* * * LOW HITPOINT WARNING * * *
Unknown command.
You hit Natasha.
Natasha is severely wounded.
Natasha claws you but does no damage.
You hit Natasha but do no damage.
Natasha is severely wounded.
Natasha casts a spell.
Casting: Infusion
Confirm with . or Enter, or press ? or * to list all spells.
You begin infusing your attacks with magical energy.
Natasha claws you.
You die...

#..
#.#
#.#
#.#
#5#
#w#
#h#
#@#
#.#
#.#
...
#.#.#
#. .#
## .#
.# .#


You could see Natasha, a crimson imp and a dart slug.

Vanquished Creatures
  2 adders
  3 worms
  4 dart slugs
  3 leopard geckos
  An orc (D:2)
  5 giant cockroaches
  6 goblins
  8 hobgoblins
  10 kobolds
  3 quokkas
  A ball python (D:1)
  9 bats
  6 frilled lizards
  7 rats
68 creatures vanquished.

Notes
Turn   | Place    | Note
-------+----------+-------------------------------------------
     0 | D:1      | mopl the Barachian Skald began the quest for the Orb.
     0 | D:1      | Reached XP level 1. HP: 16/16 MP: 3/3
   303 | D:1      | Reached XP level 2. HP: 8/22 MP: 3/5
   541 | D:1      | Reached skill level 3 in Long Blades
   840 | D:1      | Reached XP level 3. HP: 8/27 MP: 2/6
   857 | D:1      | Learned a level 2 spell: Song of Slaying
   860 | D:1      | Learned a level 2 spell: Shroud of Golubria
  1206 | D:1      | Reached skill level 4 in Long Blades
  1682 | D:2      | Reached XP level 4. HP: 19/33 MP: 1/7
  2370 | D:2      | Found a bloodstained altar of Trog.
  2376 | D:2      | Reached skill level 5 in Long Blades
  2576 | D:3      | Found a shattered altar of Ashenzari.
  2590 | D:3      | Became a worshipper of Ashenzari the Shackled
  2591 | D:3      | Fell from the grace of Ashenzari
  2684 | D:3      | Noticed Natasha
  2703 | D:3      | Slain by Natasha

Vault maps used:
D:1:      roderic_octagonal_star
D:2:      grunt_ministairs_10, trog_butcher_becter
D:3:      marbit_many_paths, uniq_iyjb, uniq_natasha

Skill      XL: |  1  2  3  4 |
---------------+-------------+-----
Long Blades    | 3 4 5 |  5.3
Fighting       | |  2.1
Armour         | |  1.1
Dodging        | |  2.0
Spellcasting   | |  2.0
Charms         | |  3.0

Action                   |  1- 3 |  4- 6 || total
-------------------------+-------+-------++-------
Melee: Falchion          |   104 |    92 ||   196
 Cast: Infusion          |    12 |    11 ||    23
Invok: Renounce Religion |       |     1 ||     1
  Use: Scroll            |       |     7 ||     7
       Potion            |       |     2 ||     2
  Eat: Chunk             |     3 |     4 ||     7
Armor: Leather armour    |    30 |    19 ||    49
Dodge: Dodged            |    84 |    66 ||   150
       Rpst.: Falchion   |    27 |    14 ||    41
